 Dungeon Crawl Stone Soup version 0.28.0-45-g0d030f2227 (webtiles) character file.

Game seed: 10834120184248938448

16 H0rd4k the Magician (level 2, 0/15 HPs)
             Began as a Deep Elf Hedge Wizard on Apr 4, 2022.
             Slain by a jackal (1 damage)
             ... on level 1 of the Dungeon.
             The game lasted 00:00:45 (574 turns).

H0rd4k the Magician (Deep Elf Hedge Wizard)          Turns: 574, Time: 00:00:45

Health: 0/15       AC:  2    Str:  7    XL:     2   Next: 41%
Magic:  1/10       EV: 12    Int: 18    God:
Gold:   11         SH:  0    Dex: 14    Spells: 10/11 levels left

rFire   . . .      SeeInvis .   a - +0 dagger
rCold   . . .      Faith    .   (no shield)
rNeg    . . .      Spirit   .   b - +0 robe
rPois   .          Reflect  .   c - +0 hat
rElec   .          Harm     .   (no cloak)
rCorr   .          Rampage  .   (no gloves)
Will    .....                   (no boots)
Stlth   ++........              (no amulet)
HPRegen 0.05/turn               (no ring)
MPRegen 0.12/turn               (no ring)

@: no status effects
A: no striking features
a: no special abilities


You were on level 1 of the Dungeon.
You visited 1 branch of the dungeon, and saw 2 of its levels.

You collected 11 gold pieces.

Inventory:

Hand Weapons
 a - a +0 dagger (weapon)
Armour
 b - a +0 robe (worn)
 c - a +0 hat (worn)
Scrolls
 d - 2 scrolls of summoning {unknown}
 e - a scroll of teleportation {unknown}


   Skills:
 + Level 0.2 Short Blades
 + Level 2.8 Dodging
 - Level 2.4 Stealth
 + Level 5.1 Spellcasting
 + Level 1.2 Conjurations
 + Level 1.1 Summonings
 + Level 1.1 Translocations


You had 10 spell levels left.
You knew the following spells:

 Your Spells              Type           Power      Damage    Failure   Level
a - Magic Dart            Conj           36%        1d4       8%          1

Your spell library contained the following spells:

 Spells                   Type           Power      Damage    Failure   Level
 Blink                    Tloc           16%        N/A       12%         2
 Slow                     Hex            16%        N/A       13%         1
 Call Imp                 Summ           8%         N/A       13%         2
 Conjure Flame            Conj/Fire      6%         6-21      30%         3
 Mephitic Cloud           Conj/Pois/Air  6%         N/A       32%         3


Dungeon Overview and Level Annotations

Branches:
Dungeon (2/15)

Altars:

Shops:
D:2 *


Message History

You kill the jackal!
The magic dart hits the jackal but does no damage.
The jackal closely misses you. The jackal barely misses you.
You are too depleted to draw on your mana recklessly!
You are too depleted to draw on your mana recklessly!
You closely miss the jackal. The jackal barely misses you.
The jackal misses you. The jackal bites you.
You hit the jackal but do no damage. The jackal bites you.
You hit the jackal.
The jackal is moderately wounded.
The jackal completely misses you. The jackal bites you.
* * * LOW HITPOINT WARNING * * *
You closely miss the jackal.
The jackal is moderately wounded.
The jackal barely misses you.
The jackal barks!
You hit the jackal but do no damage.
The jackal is moderately wounded.
The jackal closely misses you.
You are too injured to fight recklessly!
Casting: Magic Dart (safe; 8% risk of failure)
Confirm with . or Enter, or press ? or * to list all spells.
Aiming: Magic Dart (safe; 8% risk of failure)
Press: ? - help, Shift-Dir - straight line, f/p - jackal
Aim: a jackal (moderately wounded, 100% to hit)
The magic dart hits the jackal.
You kill the jackal!
There is a stone staircase leading up here.
You climb upwards.
The giant cockroach closely misses you. The jackal misses you.
The giant cockroach barely misses you.
The jackal bites you but does no damage.
There is a stone staircase leading down here.
The jackal barely misses you. The giant cockroach bites you.
* * * LOW HITPOINT WARNING * * *
The jackal bites you.
* * * LOW HITPOINT WARNING * * *
The giant cockroach bites you but does no damage.
The jackal bites you.
You die...

#.........#..........####.##....#
..........#...............##....#
..........#..........#######....#
....###.#............# ######
....#.....#..........###
......#.###............#######
##....#..######..#####...#...#
##..#......###...# ###.#...#
.....###..รท...).@#######.....#
##.....###.#..###hS...####...#
.#...........(...B....(###...#
.##.#........#..........##...#
............###.........#....#
.####....#...................# ##
#.....##...#........>###### #
##.....####...........#
###.[......###.........##


You could see a jackal, a giant cockroach and a ball python.

Vanquished Creatures
  A dart slug (D:1)
  2 giant cockroaches
  3 jackals
  A quokka (D:1)
  2 ball pythons
  3 kobolds (D:1)
  2 rats (D:1)
14 creatures vanquished.

Notes
Turn   | Place    | Note
-------+----------+-------------------------------------------
     0 | D:1      | H0rd4k the Deep Elf Hedge Wizard began the quest for the
                  | Orb.
     0 | D:1      | Reached XP level 1. HP: 10/10 MP: 7/7
   313 | D:1      | Reached XP level 2. HP: 15/15 MP: 6/9
   425 | D:1      | Reached skill level 5 in Spellcasting
   475 | D:2      | Found Tearo's Assorted Antiques.
   574 | D:1      | Slain by a jackal

Illustrated notes

Levels and vault maps discovered:
D:1:      lemuel_arrival_lava_pool, layout_rooms,
          shapermc_ecumenical_altar_mp_urbaneastern
D:2:      layout_loops_corners, serial_shops,
          nicolae_shop_temple_entry_statues_fountains, shop,
          nicolae_shop_waterfront, nicolae_diamond_shop, basic_altar

Skill      XL: |  1  2 |
---------------+-------+-----
Spellcasting   | 5 |  5.1
Short Blades   | |  0.2
Dodging        | |  2.8
Stealth        | |  2.4
Conjurations   | |  1.2
Summonings     | |  1.1
Translocations | |  1.1

Action                   || total
-------------------------++-------
Melee: Dagger            ||    13
 Cast: Magic Dart        ||    47
Armor: Robe              ||     3
Dodge: Dodged            ||    32
